 Dungeon Crawl Stone Soup version 0.32-a0-798-gfa783ce77f (webtiles) character file.

Game seed: 10883150385020997769

69 Essalna the Chiller (level 4, 0/36 HPs)
             Began as a Draconian Ice Elementalist on Mar 21, 2024.
             Slain by a gnoll
             ... wielding a +0 halberd
              (10 damage)
             ... on level 3 of the Dungeon.
             The game lasted 00:03:22 (2222 turns).

Essalna the Chiller (Draconian Ice Elementalist)    Turns: 2222, Time: 00:03:22

Health: 0/36       AC:  6    Str: 10    XL:     4   Next: 2%
Magic:  4/8        EV: 11    Int: 17    God:
Gold:   110        SH:  0    Dex: 12    Spells: 4/8 levels left

rFire   . . .        b - +0 mace
rCold   . . .        (no shield)
rNeg    . . .        (body armour unavailable)
rPois   .            (helmet restricted)
rElec   .            (no cloak)
rCorr   .            m - +0 pair of gloves
SInv    .            (no boots)
Will    .....        (no amulet)
Stlth   ++           (no ring)
HPRegen 0.26/turn    (no ring)
MPRegen 0.11/turn

%: no passive effects
@: freezing walls
A: AC +5, unfitting armour, cold-blooded
a: no special abilities


You were on level 3 of the Dungeon.
You visited 1 branch of the dungeon, and saw 3 of its levels.

You collected 110 gold pieces.

Inventory:

Hand Weapons
 b - a +0 mace (weapon)
Armour
 m - a +0 pair of gloves (worn)
Scrolls
 e - a scroll of enchant armour {unknown}
 g - a scroll of blinking {unknown}
 h - 3 scrolls of identify {unknown}
 i - a scroll of noise {unknown}
 j - a scroll of enchant weapon {unknown}
 k - a scroll of teleportation {unknown}
 n - a scroll of fog {unknown}
Potions
 a - a potion of magic
 c - 2 potions of lignification {unknown}
 d - a potion of berserk rage {unknown}
 f - a potion of mutation {unknown}
 l - a potion of heal wounds {unknown}


   Skills:
 + Level 2.2 Fighting
 - Level 1.7 Dodging
 - Level 1.7 Stealth
 + Level 2.8 Spellcasting
 + Level 4.5 Ice Magic


You had 4 spell levels left.
You knew the following spells:

 Your Spells              Type           Power      Damage    Failure   Level
a - Freeze                Ice            68%        1d8       2%          1
b - Frozen Ramparts       Ice            34%        1d6       9%          3

Your spell library contained the following spells:

 Spells                   Type           Power      Damage    Failure   Level
 Ozocubu's Armour         Ice            17%        N/A       9%          3
 Ensorcelled Hibernation  Hex/Ice        20%        N/A       11%         2
 Summon Ice Beast         Ice/Summ       10%        N/A       22%         3
 Passwall                 Erth           2%         N/A       47%         3
 Swiftness                Air            2%         N/A       47%         3


Dungeon Overview and Level Annotations

Branches:
Dungeon (3/15)

Altars:
Xom

Shops:
D:1 :


Innate Abilities, Weirdness & Mutations

Your plain brown scales are hard. (AC +5)
You cannot fit into any form of body armour.
You are cold-blooded and may be slowed by cold attacks.


Message History

Aiming: Freeze (safe; 2% risk of failure)
Press: ? - help, Shift-Dir - straight line, f - gnoll
Aim: a gnoll, wielding a +0 halberd You freeze the gnoll.
The gnoll is heavily wounded.
The gnoll barely misses you.
A ribbon worm comes into view.
The gnoll hits you with a +0 halberd.
There is an open door here.
The gnoll hits you from afar with a +0 halberd!
You closely miss the ball python. The ball python closely misses you. x2
The gnoll closely misses you. The ball python barely misses you. x2
You completely miss the ball python.
Your tail-slap misses the ball python.
The ball python barely misses you. x2; The gnoll barely misses you.
The gnoll hits you from afar with a +0 halberd!
The gnoll misses you. The ball python closely misses you.
The ball python completely misses you.
Casting: Freeze (safe; 2% risk of failure)
Confirm with . or Enter, or press ? or * to list all spells.
Casting: Frozen Ramparts (dangerous; 9% risk of failure)
Press: ? - help, Dir - look around, f - activate The walls around you are covered in ice.
The wall freezes the gnoll but does no damage.
The gnoll barely misses you.
The wall freezes the ball python.
The ball python closely misses you. The ball python grabs you.
The ball python constricts you.
The wall freezes the ribbon worm but does no damage.
The wall freezes the gnoll.
The gnoll hits you from afar with a +0 halberd.
The wall freezes the gnoll.
You hit the ball python.
You kill the ball python!
The wall freezes the gnoll but does no damage.
The gnoll hits you from afar with a +0 halberd.
* * * LOW HITPOINT WARNING * * *
The wall freezes the gnoll.
The gnoll closely misses you.
The wall freezes the gnoll.
The gnoll hits you but does no damage.
The wall freezes the ribbon worm.
The wall freezes the gnoll.
The gnoll hits you from afar with a +0 halberd!
You die...

####.######......†##
#..†....##.........#
#.#####..'.........+
#.# #.##.........#
#.# #.###.......##
#.# #.# ##.....##
#.# #.# ##gg.## #..
..# ##g## ### ###
#@# #w# #.# ... .$.
#.... ##.#. #.#.#


You could see a ribbon worm and 3 gnolls.

Vanquished Creatures
  A gnoll (D:3)
  An adder (D:3)
  2 dart slugs (D:1)
  4 endoplasms
  4 giant cockroaches
  2 goblins
  3 hobgoblins
  6 jackals (D:1)
  4 quokkas
  4 ball pythons
  5 bats
  2 frilled lizards (D:2)
  3 kobolds
  2 rats
43 creatures vanquished.

Notes
Turn   | Place    | Note
-------+----------+-------------------------------------------
     0 | D:1      | Essalna the Draconian Ice Elementalist began the quest for
                  | the Orb.
     0 | D:1      | Reached XP level 1. HP: 14/14 MP: 3/3
   115 | D:1      | Found Nokluluz's Book Shoppe.
   325 | D:1      | Reached skill level 1 in Fighting
   325 | D:1      | Reached XP level 2. HP: 22/23 MP: 0/5
  1232 | D:2      | Reached XP level 3. HP: 28/28 MP: 4/6
  1330 | D:2      | Found a faded altar of an unknown god.
  1410 | D:2      | Found a shimmering altar of Xom.
  2142 | D:3      | Reached XP level 4. HP: 36/36 MP: 2/8
  2146 | D:3      | Learned a level 3 spell: Frozen Ramparts
  2222 | D:3      | Slain by a gnoll

Illustrated notes

Levels and vault maps discovered:
D:1:      matt_arrival_spirals, layout_basic, serial_shops,
          nicolae_shop_waterfront
D:2:      layout_loops_cross, shapermc_ecumenical_altar_mp_highgroup,
          basic_altar, serial_glass, glass_columns_a, glass_columns_b,
          st_stairs_10
D:3:      layout_loops_corners, nicolae_qazlal_scattered_showers,
          lemuel_doored_altar

Skill      XL: |  1  2  3 |
---------------+----------+-----
Fighting       | 1 2 |  2.2
Dodging        | |  1.7
Stealth        | |  1.7
Spellcasting   | |  2.8
Ice Magic      | |  4.5

Action                     |  1- 3 |  4- 6 || total
---------------------------+-------+-------++-------
  Melee: Mace              |    10 |     3 ||    13
         Unarmed           |     1 |       ||     1
         Tailslap          |     2 |       ||     2
   Cast: Freeze            |    61 |     1 ||    62
         Frozen Ramparts   |       |     1 ||     1
 Armour: Skin              |    30 |     8 ||    38
  Dodge: Dodged            |    33 |    15 ||    48

Table legend: (Time is in decaauts)
 A = Elapsed time spent in this place.
 B = Non-inter-level travel time spent in this place.
 C = Inter-level travel time spent in this place.
 D = Time resting spent in this place.
 E = Time spent auto-exploring this place.
 F = Levels seen in this place.
 G = Mean time per level.
                   A        B        C        D        E       F      G
               +--------+--------+--------+--------+--------+-----+--------+
         Total |   2228 |   2183 |     45 |      0 |   1878 |   3 |  742.7 |
       Dungeon |   2228 |   2183 |     45 |      0 |   1878 |   3 |  742.7 |
               +--------+--------+--------+--------+--------+-----+--------+

Top non-repeatable levels by time:
     D:1: 1234 daAuts
     D:2: 804 daAuts
     D:3: 189 daAuts
